Map: Dusk Towers

Players

Neeb

  • Race: Protoss Protoss
  • League: Grandmaster

Scarlett - Winner!

  • Race: Zerg Zerg
  • League: Grandmaster

Event: Team Gravity's Fight Night #40

VOD

https://www.youtube.com/watch?v=ArGClmzxI6c

Description

Time

  • Played on: April 10, 2016, 9:49 p.m.
  • Length: 13:44

All games in this series

Show
View Real Time Build Order
Export as new Build Order

Neeb Protoss 

Build Orders: 1 Gate Expand, Phoenix Opening 

Get SALT Encoding   

  12  0:00  Probe (Chrono Boost)  
  13  0:11  Probe (Chrono Boost)  
  14  0:17  Pylon  
  14  0:22  Probe (Chrono Boost)  
  15  0:36  Probe (Chrono Boost)  
  15  0:37  Gateway  
  16  0:46  Probe (Chrono Boost)  
  18  0:57  Probe (Chrono Boost)  
  18  0:58  Assimilator  
  18  1:07  Probe (Chrono Boost)  
  19  1:18  Nexus  
  19  1:21  Probe (Chrono Boost)  
  20  1:30  Cybernetics Core  
  20  1:34  Probe (Chrono Boost)  
  21  1:42  Assimilator  
  21  1:44  Probe (Chrono Boost)  
  22  1:50  Pylon  
  22  1:55  Probe (Chrono Boost)  
  23  2:07  Warp Gate  
  23  2:08  Adept (Chrono Boost), Probe  
  26  2:20  Probe (Chrono Boost)  
  27  2:29  Probe (Chrono Boost)  
  28  2:32  Stargate  
  28  2:33  Probe (Chrono Boost)  
  29  2:39  Probe (Chrono Boost)  
  29  2:42  Stalker (Chrono Boost)  
  29  2:43  Probe (Chrono Boost)  
  33  2:49  Probe (Chrono Boost)  
  34  2:55  Probe (Chrono Boost)  
  35  3:00  Probe (Chrono Boost)  
  36  3:07  Probe (Chrono Boost)  
  36  3:11  Pylon, Probe (Chrono Boost)  
  38  3:17  Phoenix (Chrono Boost)  
  38  3:18  Probe (Chrono Boost)  
  41  3:20  Probe  
  41  3:22  Gateway  
  41  3:23  Gateway  
  42  3:29  Probe  
  42  3:31  Probe  
  44  3:39  Phoenix (Chrono Boost)  
  46  3:42  Probe x2  
  46  3:45  Pylon  
  48  3:52  Probe  
  48  3:54  Mothership Core (Chrono Boost)  
  49  3:58  Phoenix (Chrono Boost)  
  49  4:01  Assimilator x2  
  51  4:05  Probe (Chrono Boost)  
  52  4:14  Probe (Chrono Boost)  
  52  4:15  Pylon  
  54  4:17  Adept  
  54  4:18  Adept x2, Probe (Chrono Boost)  
  60  4:25  Probe (Chrono Boost)  
  60  4:29  Phoenix  
  60  4:31  Nexus  
  62  4:41  Pylon, Probe (Chrono Boost)  
  62  4:42  Probe (Chrono Boost)  
  64  4:51  Phoenix, Probe (Chrono Boost)  
  65  4:54  Pylon, Probe (Chrono Boost)  
  65  4:57  Pylon  
  68  5:00  Sentry  
  68  5:02  Probe (Chrono Boost)  
  68  5:06  Probe (Chrono Boost)  
  72  5:12  Probe (Chrono Boost)  
  72  5:13  Phoenix  
  73  5:19  Robotics Facility, Probe (Chrono Boost)  
  76  5:23  Pylon, Probe (Chrono Boost)  
  77  5:29  Robotics Facility  
  77  5:31  Probe (Chrono Boost)  
  77  5:32  Assimilator  
  77  5:33  Probe (Chrono Boost)  
  79  5:36  Assimilator  
  80  5:43  Probe (Chrono Boost)  
  80  5:44  Probe (Chrono Boost)  
  80  5:47  Probe (Chrono Boost)  
  82  5:52  Forge  
  82  5:54  Probe (Chrono Boost)  
  82  5:55  Twilight Council, Probe (Chrono Boost)  
  82  5:58  Probe (Chrono Boost)  
  83  6:05  Probe (Chrono Boost)  
  83  6:07  Probe (Chrono Boost)  
  83  6:08  Observer (Chrono Boost)  
  86  6:11  Probe (Chrono Boost)  
  86  6:14  Sentry, Probe (Chrono Boost)  
  86  6:15  Pylon  
  86  6:16  Immortal (Chrono Boost)  
  86  6:17  Probe  
  86  6:18  Pylon  
  95  6:21  Pylon  
  95  6:22  Sentry x2  
  95  6:23  Probe  
  95  6:24  Pylon, Probe  
  100  6:26  Immortal (Chrono Boost)  
  100  6:30  Charge, Protoss Ground Weapons Level 1 (Chrono Boost)  
  105  6:39  Gateway  
  105  6:41  Gateway  
  105  6:42  Pylon  
  109  6:57  Immortal  
  109  6:59  Gateway  
  109  7:02  Gateway  
  109  7:07  Zealot x3  
  119  7:18  Nexus  
  119  7:21  Pylon  
  119  7:28  Probe x2  
  119  7:29  Stargate  
  117  7:30  Stargate  
  117  7:31  Fleet Beacon  
  117  7:32  Pylon  
  117  7:33  Pylon  
  117  7:36  Probe  
  118  7:41  Gateway  
  118  7:43  Templar Archives, Zealot  
  120  7:49  Observer  
  120  7:57  Assimilator  
  121  8:01  Assimilator  
  121  8:03  Pylon  
  121  8:04  Zealot x2  
  121  8:05  Zealot x5  
  135  8:15  Tempest (Chrono Boost)  
  135  8:16  Tempest (Chrono Boost)  
  143  8:24  Tempest (Chrono Boost)  
  146  8:28  Protoss Ground Weapons Level 2  
  146  8:46  High Templar  
  146  8:57  Tempest (Chrono Boost)  
  146  8:59  High Templar  
  146  9:00  Tempest (Chrono Boost)  
  156  9:04  Archon  
  156  9:06  Zealot x6  
  168  9:10  Photon Cannon  
  168  9:12  Pylon  
  168  9:13  Pylon  
  168  9:15  Pylon  
  171  9:33  High Templar x2  
  171  9:37  Archon  
  175  9:39  Tempest x2 (Chrono Boost)  
  183  9:47  Oracle (Chrono Boost), Zealot x6  
  165  10:12  Zealot x6  
  131  10:16  Tempest (Chrono Boost)  
  131  10:17  Tempest (Chrono Boost)  
  113  10:23  Zealot x2  
  114  10:33  High Templar x3  
  114  10:34  High Templar, Zealot  
  114  10:35  Zealot  
  122  10:38  Probe, Archon x2  
  119  10:43  Zealot x2  
  119  10:44  Probe x2  
  115  10:50  Pylon  
  115  10:55  Zealot x2  
  100  11:04  Zealot x2  
  96  11:15  Zealot x2  
  96  11:16  Tempest (Chrono Boost)  
  101  11:28  Zealot x2  
  105  11:32  Zealot  
  107  11:46  Sentry x3  
  113  11:50  Sentry x2  
  99  12:20  Stalker  
  99  12:21  Stalker x4  
  106  12:41  Zealot  
  108  12:55  Stalker x4  
Show
View Real Time Build Order
Export as new Build Order

Scarlett Zerg - Winner!

Build Orders: Hatch First 

Get SALT Encoding   

  12  0:01  Drone  
  13  0:08  Drone  
  14  0:17  Overlord  
  14  0:22  Extractor  
  14  0:23  Drone  
  15  0:35  Drone x2  
  17  0:51  Hatchery  
  17  0:55  Drone  
  17  0:57  Drone  
  18  1:07  Extractor  
  17  1:13  Spawning Pool  
  17  1:15  Drone  
  17  1:18  Drone  
  18  1:29  Drone  
  19  1:38  Drone  
  20  1:47  Hatchery  
  19  1:56  Drone  
  20  2:02  Queen  
  20  2:05  Drone  
  23  2:10  Metabolic Boost  
  23  2:13  Drone  
  24  2:16  Drone  
  24  2:21  Overlord  
  25  2:24  Drone  
  26  2:32  Queen  
  28  2:41  Zergling x6  
  31  2:49  Queen  
  33  2:51  Overlord  
  34  2:58  Drone x2  
  34  3:01  Drone  
  34  3:02  Drone  
  37  3:06  Pneumatized Carapace  
  37  3:12  Drone x2  
  39  3:20  Drone x4  
  39  3:23  Zergling x2  
  39  3:24  Zergling x2  
  45  3:38  Drone x4  
  45  3:40  Overlord  
  45  3:41  Drone  
  50  3:45  Overlord  
  50  3:55  Zergling x2  
  50  3:56  Overlord  
  50  3:57  Overlord x2  
  50  4:01  Drone x5  
  55  4:08  Spore Crawler  
  54  4:10  Drone  
  54  4:11  Spore Crawler  
  54  4:16  Queen  
  56  4:19  Drone x2  
  56  4:20  Drone x2  
  60  4:24  Overlord  
  60  4:30  Evolution Chamber  
  60  4:31  Baneling Nest, Drone x2  
  58  4:32  Drone  
  58  4:33  Extractor  
  58  4:37  Drone  
  58  4:38  Drone x4  
  63  4:42  Overlord, Drone  
  64  4:45  Spore Crawler  
  64  4:51  Lair  
  63  4:53  Zergling x6  
  63  4:55  Zerg Melee Weapons Level 1  
  66  5:00  Drone x2  
  66  5:01  Drone x3  
  69  5:07  Drone x4  
  69  5:11  Drone  
  69  5:13  Extractor  
  72  5:14  Extractor  
  72  5:18  Drone x2  
  72  5:19  Drone  
  74  5:26  Drone  
  74  5:27  Drone x2  
  76  5:34  Drone  
  76  5:35  Drone x4  
  81  5:42  Queen  
  83  5:44  Hatchery  
  83  5:45  Drone x5  
  85  5:50  Extractor  
  85  5:51  Extractor  
  83  5:57  Overlord x6  
  83  6:02  Centrifical Hooks  
  83  6:03  Evolution Chamber  
  79  6:06  Infestation Pit, Drone  
  79  6:07  Drone x2  
  81  6:13  Drone  
  82  6:18  Overseer  
  82  6:20  Drone x4  
  82  6:23  Overseer  
  86  6:29  Zerg Ground Armor Level 1  
  86  6:30  Drone  
  86  6:31  Drone x3  
  90  6:39  Drone x4  
  94  6:42  Drone  
  94  6:45  Hive, Drone x2, Spire  
  97  6:47  Drone x3  
  97  6:52  Zergling x2  
  99  6:55  Zergling x2  
  99  7:01  Zergling x16, Spore Crawler  
  107  7:14  Zergling x14, Zerg Melee Weapons Level 2  
  114  7:22  Extractor  
  114  7:23  Drone x3  
  114  7:27  Extractor  
  115  7:33  Overlord x6  
  115  7:37  Zergling x2  
  115  7:38  Zergling x14  
  123  7:46  Zergling x2, Hatchery  
  123  7:56  Adrenal Glands  
  123  7:57  Zergling x14  
  130  8:00  Greater Spire  
  129  8:09  Queen  
  129  8:10  Overlord x3  
  129  8:11  Corruptor x5  
  141  8:15  Corruptor  
  141  8:16  Corruptor x2  
  147  8:32  Zergling x12  
  147  8:33  Zergling x8  
  157  8:40  Overseer  
  154  8:52  Zerg Ground Armor Level 2  
  154  8:53  Zergling x10  
  154  8:54  Zergling x14  
  166  9:11  Brood Lord x2  
  166  9:12  Brood Lord x6  
  182  9:20  Zergling x26, Ultralisk Cavern  
  194  9:32  Baneling x11  
  194  9:33  Zergling x2, Baneling  
  194  9:34  Zergling x8  
  199  9:48  Baneling x13  
  199  9:50  Zergling x2  
  183  10:05  Zergling x2  
  183  10:06  Zergling x32  
  155  10:23  Zerg Flyer Weapons Level 1, Chitinous Plating  
  155  10:24  Zerg Melee Weapons Level 3  
  141  10:28  Zergling x6  
  141  10:29  Zergling x14  
  148  10:41  Ultralisk  
  148  10:42  Zergling x8  
  124  11:04  Zergling x2, Ultralisk x4  
  124  11:05  Zergling x10  
  124  11:07  Extractor  
  124  11:11  Extractor  
  139  11:14  Zergling x8, Ultralisk  
  137  11:25  Overlord  
  137  11:26  Overlord, Drone  
  137  11:27  Drone x2  
  137  11:28  Queen x2  
  140  11:33  Ultralisk x2  
  140  11:34  Zergling x6  
  144  11:46  Corruptor x4  
  146  11:48  Zergling x2  
  146  11:51  Corruptor  
  155  12:01  Corruptor x3  
  160  12:13  Corruptor x3  
  157  12:17  Corruptor  
  157  12:18  Zergling x2  
  157  12:19  Zergling x12  
  163  12:26  Corruptor x2  
  167  12:33  Corruptor  
  167  12:34  Corruptor  
  168  12:38  Corruptor  
  168  12:43  Corruptor x2  
  170  12:45  Queen x2  
  173  12:54  Corruptor x2  
  177  13:05  Corruptor x2  
  161  13:15  Corruptor x2  

Tags
 
Add a new tag
Caveats
  • Supply blocks, unpowered buildings, or Contaminate may cause inaccurate times.
  • Supply counts are checked every 10 seconds.